 Dungeon Crawl Stone Soup version 0.30-b1-2-g02819fbbbe (webtiles) character file.

Game seed: 6256175516236894561

448 Fartwhistle the Changer (level 7, 0/51 HPs)
             Began as an Octopode Transmuter on June 8, 2023.
             Slain by a troll (8 damage)
             ... on level 5 of the Dungeon.
             The game lasted 00:04:59 (3710 turns).

Fartwhistle the Changer (Octopode Transmuter)       Turns: 3710, Time: 00:04:59

Health: 0/51       AC: 10    Str: 11    XL:     7   Next: 4%
Magic:  8/12       EV: 10    Int: 15    God:
Gold:   199        SH:  0    Dex: 19    Spells: 3/13 levels left

rFire   x .          .
                       - Unarmed
rCold   + + +        (shield currently unavailable)
rNeg    . . .        (helmet currently unavailable)
rPois   +            (no amulet)
rElec   .            r - +4 ring of protection
rCorr   .            f - +6 ring of dexterity
SInv    .            (no ring)
Will    .....        (no ring)
Stlth   ++           (no ring)
HPRegen 0.28/turn    (no ring)
MPRegen 0.13/turn    (no ring)
                     (no ring)

%: no passive effects
@: ice-form
A: freezing attack, boosted hp, almost no armour, amphibious, 8 rings, large,
(camouflage 1), (gelatinous body 1), (nimble swimmer 1), (tentacles)
a: End Transformation


You were on level 5 of the Dungeon.
You were a creature of crystalline ice.
You visited 1 branch of the dungeon, and saw 5 of its levels.

You collected 199 gold pieces.

Inventory:

Missiles
 g - 5 poisoned darts
Jewellery
 f - a +6 ring of dexterity (right front paw)
 r - a +4 ring of protection (left front paw)
 t - a +4 ring of protection
Wands
 s - a wand of charming (2)
 u - a wand of flame (23)
Scrolls
 c - a scroll of poison {unknown}
 i - 2 scrolls of fear {unknown}
 j - 3 scrolls of identify {unknown}
 k - 4 scrolls of enchant weapon {unknown}
 m - 2 scrolls of magic mapping {unknown}
 p - 4 scrolls of teleportation {unknown}
 q - a scroll of immolation {unknown}
Potions
 a - 3 potions of lignification
 b - 3 potions of attraction {unknown}
 d - a potion of heal wounds {unknown}
 e - a potion of resistance {unknown}
 h - 2 potions of curing {unknown}
 l - a potion of ambrosia {unknown}
 n - a potion of flight {unknown}
 o - 2 potions of mutation {unknown}


   Skills:
 - Level 1.0 Fighting
 - Level 2.0 Dodging
 - Level 3.0 Unarmed Combat
 + Level 3.9 Spellcasting
 * Level 5.9 Transmutations
 + Level 0.0 Ice Magic
 - Level 2.0 Poison Magic


You had 3 spell levels left.
You knew the following spells:

 Your Spells              Type           Power      Damage    Failure   Level
a - Beastly Appendage     Tmut           40%        N/A       1%          1
b - Wereblood             Tmut           20%        N/A       2%          2
c - Spider Form           Tmut/Pois      14%        N/A       11%         3
d - Ice Form              Ice/Tmut       11%        N/A       47%         4

Your spell library contained the following spells:

 Spells                   Type           Power      Damage    Failure   Level


Dungeon Overview and Level Annotations

Branches:
Dungeon (5/15)
 Temple: D:4-7

Altars:
Makhleb
Wu Jian

Annotations:
D:3 2 transporters, adept's ghost, amateur DsGl


Innate Abilities, Weirdness & Mutations

You are a creature of crystalline ice.
You have a powerful freezing melee attack.
Your maximum health is increased.
Your armour is entirely melded.
You are incapable of wielding weapons or throwing items.
You cannot wear most types of armour.
You are amphibious.
You can wear up to eight rings at the same time.
((Your skin changes colour to match your surroundings (Stealth+).))
((Your rubbery body absorbs attacks. (AC +1, EV +1)))
((You are camouflaged when in or above water. (Stealth+)))
((You have tentacles for arms and can constrict up to eight enemies at once.))


Message History

The sleepcap is heavily damaged.
The sleepcap misses you.
You hit the sleepcap but do no damage.
The sleepcap looks as sick as possible!
The sleepcap is severely damaged.
The sleepcap releases spores at you.
You hit the sleepcap but do no damage.
The sleepcap looks as sick as possible!
The sleepcap is almost destroyed.
The sleepcap closely misses you.
You hit the sleepcap.
You destroy the sleepcap!
You have reached level 7!
Your transformation is almost over.
HP restored.
Your transformation has ended.
This spell is extremely dangerous to cast!
Memorise Ice Form, consuming 4 spell levels and leaving 3?
You start memorising the spell.
You continue memorising.
Magic restored.
You continue memorising. x3
You finish memorising.
Spell assigned to 'd'.
Casting: Spider Form (dangerous; 11% risk of failure)
Confirm with . or Enter, or press ? or * to list all spells.
Okay, then.
Casting: Spider Form (dangerous; 11% risk of failure)
Confirm with . or Enter, or press ? or * to list all spells.
The spell is extremely dangerous to miscast (47% risk of failure)!
Continue anyway?
You turn into a creature of crystalline ice.
You hit the troll. You freeze the troll.
The troll is lightly wounded.
The troll bites you! The troll claws you! x2
You are too injured to fight recklessly!
You are too injured to fight recklessly!
You barely miss the troll.
The troll is lightly wounded.
The troll bites you!
* * * LOW HITPOINT WARNING * * *
The troll claws you but does no damage. The troll barely misses you.
The troll attacks as you move away! The troll barely misses you.
The troll claws you but does no damage. The troll claws you!
You die...

.$ #. ...
#.###### ....
#......
....##.#...
........
####...#.####.#
.......#.#<...#
.......TY.#####
)......#.....#
.......#.###.#
.#######.. #
####


You could see a troll.

Vanquished Creatures
  2 centaurs
  A scorpion (D:3)
  A jelly (D:3)
  A hound (D:3)
  A sleepcap (D:5)
  A mummy (D:4)
  4 gnolls (D:4)
  2 adders
  A worm (D:2)
  3 dart slugs
  2 orcs (D:4)
  8 ball pythons
  8 endoplasms
  3 giant cockroaches
  6 goblins
  3 hobgoblins
  3 jackals (D:2)
  6 kobolds
  2 quokkas (D:1)
  5 bats
  3 frilled lizards (D:2)
  3 hobgoblin zombies (D:4)
  An orc zombie (D:4)
  6 rats
76 creatures vanquished.

Notes
Turn   | Place    | Note
-------+----------+-------------------------------------------
     0 | D:1      | Fartwhistle the Octopode Transmuter began the quest for the
                  | Orb.
     0 | D:1      | Reached XP level 1. HP: 13/13 MP: 3/3
   154 | D:1      | Found a faded altar of an unknown god.
   162 | D:1      | Reached XP level 2. HP: 18/18 MP: 3/5
   721 | D:1      | Reached skill level 3 in Transmutations
  1149 | D:2      | Reached XP level 3. HP: 23/23 MP: 4/6
  1258 | D:2      | Learned a level 2 spell: Wereblood
  2060 | D:3      | Noticed a scorpion
  2069 | D:3      | Learned a level 3 spell: Spider Form
  2076 | D:3      | Killed a scorpion
  2077 | D:3      | Reached skill level 4 in Transmutations
  2077 | D:3      | Reached skill level 1 in Poison Magic
  2077 | D:3      | Reached XP level 4. HP: 28/28 MP: 3/8
  2161 | D:3      | Found a burning altar of Makhleb.
  2174 | D:3      | Reached XP level 5. HP: 24/33 MP: 9/9
  2345 | D:3      | Noticed a centaur
  2409 | D:3      | Killed a centaur
  2410 | D:3      | Reached XP level 6. HP: 15/38 MP: 7/10
  2614 | D:3      | Reached skill level 5 in Transmutations
  2813 | D:3      | Noticed adept's ghost (amateur DsGl)
  2814 | D:3      | Found a transporter.
  2820 | D:3      | Found a transporter.
  2824 | D:3      | Identified the +4 great mace "Ipsepim" {venom, Dex+5
                  | Stlth+}
  3305 | D:4      | Found an ornate altar of the Wu Jian Council.
  3658 | D:5      | Entered Level 5 of the Dungeon
  3660 | D:5      | Noticed a troll
  3676 | D:5      | Reached XP level 7. HP: 40/43 MP: 9/12
  3700 | D:5      | Learned a level 4 spell: Ice Form
  3710 | D:5      | Slain by a troll

Illustrated notes

Levels and vault maps discovered:
D:1:      saegor_arrival_simple_b, layout_basic, basic_ecumenical_altar,
          minmay_tree_intersection, minmay_misc_feat_secret_circle, minivault_4,
          st_stairs_8
D:2:      layout_loops_corners
D:3:      layout_loops_ring, bloody_makhleb, gammafunk_ghost_smash
D:4:      layout_rooms, nzn_wu_jian_contemplation, minmay_stone_trees_small,
          minmay_mini_ossuary
D:5:      layout_basic, minmay_misc_feat_tiny, nicolae_figureground_pulse

Skill      XL: |  1  2  3  4  5  6 |
---------------+-------------------+-----
Transmutations | 3 4 5 |  5.9
Poison Magic   | 1 2 |  2.0
Spellcasting   | 3 |  3.9
Fighting       | |  1.0
Dodging        | |  2.0
Unarmed Combat | |  3.0

Action                     |  1- 3 |  4- 6 |  7- 9 || total
---------------------------+-------+-------+-------++-------
  Melee: Unarmed           |    71 |    97 |     2 ||   170
         Constrict         |    17 |    15 |       ||    32
         Tentacles         |    13 |    16 |       ||    29
         Kick              |    11 |    13 |       ||    24
         Punch             |     1 |     4 |       ||     5
  Throw: Dart              |       |     3 |       ||     3
   Cast: Beastly Appendage |    23 |     7 |       ||    30
         Spider Form       |     1 |     5 |       ||     6
         Wereblood         |     1 |       |       ||     1
         Ice Form          |       |       |     1 ||     1
   Stab: Sleeping          |     3 |     7 |       ||    10
 Armour: Skin              |     7 |    15 |     2 ||    24
  Dodge: Dodged            |    52 |    71 |     2 ||   125
